 Dungeon Crawl Stone Soup version 0.19-a0-706-g03de5d9 (webtiles) character file.

43 qqqbard the Twirler (level 3, -3/18 HPs)
             Began as a Vine Stalker Gladiator on June 20, 2016.
             Slain by FrankyJ's ghost (5 damage)
             ... on level 3 of the Dungeon.
             The game lasted 00:02:11 (1203 turns).

qqqbard the Twirler (Vine Stalker Gladiator)        Turns: 1203, Time: 00:02:12

Health: -3/18      AC: 11    Str: 18    XL:     3   Next: 58%
Magic:  0/4        EV:  6    Int:  8    God:
Gold:   99         SH:  0    Dex: 14    Spells: 0 memorised, 2 levels left

rFire  . . .     SeeInvis .     a - +0 quarterstaff
rCold  . . .     Gourm    .     t - +0 plate armour
rNeg   . . .     Faith    .     (shield currently unavailable)
rPois  .         Spirit   +     c - +0 helmet
rElec  .         Dismiss  .     (no cloak)
rCorr  .         Reflect  .     (no gloves)
SustAt .         Harm     .     (no boots)
MR     .....                    (no amulet)
Stlth  ..........               (no ring)
                                (no ring)

@: not resistant to hostile enchantments, extremely unstealthy
A: fangs 2, regeneration 1, magic shield, antimagic bite, no device heal 3, rot
immunity
a: no special abilities


You were on level 3 of the Dungeon.
You were hungry.

You visited 1 branch of the dungeon, and saw 3 of its levels.

You collected 99 gold pieces.

Inventory:

Hand Weapons
 a - a +0 quarterstaff (weapon)
Missiles
 d - 3 throwing nets (quivered)
Armour
 c - a +0 helmet (worn)
 t - a +0 plate armour (worn)
Scrolls
 e - a scroll of enchant armour {unknown}
 g - 2 scrolls of teleportation {unknown}
 i - a scroll of magic mapping {unknown}
 l - 4 scrolls of identify {unknown}
 m - 2 scrolls of amnesia {unknown}
 n - 2 scrolls of enchant weapon {unknown}
 s - a scroll of fear {unknown}
Potions
 h - a potion of ambrosia {unknown}
 j - 2 potions of lignification {unknown}
 o - 2 potions of curing {unknown}
 q - a potion of magic {unknown}
 r - a potion of invisibility {unknown}
 u - a potion of brilliance {unknown}
Comestibles
 b - a slice of pizza
 f - a bread ration
 k - 3 fruits


   Skills:
 - Level 1.7 Fighting
 + Level 4.0 Staves
 - Level 1.7 Throwing
 - Level 2.4 Dodging


You had 2 spell levels left.
You didn't know any spells.

Dungeon Overview and Level Annotations

Branches:
Dungeon (3/15)

Altars:
Ru
The Shining One

Annotations:
D:3 FrankyJ's ghost, amateur MiBe


Innate Abilities, Weirdness & Mutations

You have extremely sharp teeth.
Your natural rate of healing is unusually fast.
When hurt, damage is shared between your health and your magic reserves.
Your bite disrupts and absorbs the magic of your enemies.
Potions and wands cannot restore your health.
You are immune to rotting.


Message History

FrankyJ's ghost is heavily damaged.
FrankyJ's ghost hits you but does no damage.
You sock FrankyJ's ghost! Your bite misses FrankyJ's ghost.
FrankyJ's ghost is severely damaged.
FrankyJ's ghost hits you. x2
* * * LOW HITPOINT WARNING * * *
You are too injured to fight recklessly!
You are too injured to fight recklessly!
You are too injured to fight recklessly!
You are too injured to fight recklessly!
You are too injured to fight recklessly!
You thump FrankyJ's ghost!
FrankyJ's ghost is almost destroyed.
FrankyJ's ghost sneers, "Do you call that fighting?"
FrankyJ's ghost barely misses you.
Your plate armour prevents you from hitting FrankyJ's ghost.
You bite FrankyJ's ghost, but do no damage.
FrankyJ's ghost is almost destroyed.
FrankyJ's ghost hits you.
You die...

.. .# .. #
#. .. #.# ..
#..######..#
#....$...#
#<####..##
#...@W...#
#####.....#
.##...# .#
.$# ## #


You could see FrankyJ's ghost.

Vanquished Creatures
  An adder (D:2)
  A ball python (D:1)
  4 giant cockroaches
  5 goblins
  4 hobgoblins
  4 jackals (D:2)
  3 kobolds (D:1)
  2 bats (D:1)
  3 giant newts
  3 rats (D:1)
30 creatures vanquished.

Notes
Turn   | Place    | Note
--------------------------------------------------------------
     0 | D:1      | qqqbard the Vine Stalker Gladiator began the quest for the Orb.
     0 | D:1      | Reached XP level 1. HP: 11/11 MP: 2/2
    79 | D:1      | Reached skill level 3 in Staves
   130 | D:1      | Reached XP level 2. HP: 15/15 MP: 3/3
   670 | D:2      | Found a sacrificial altar of Ru.
   829 | D:2      | Reached XP level 3. HP: 16/18 MP: 4/4
   990 | D:2      | Found a glowing golden altar of the Shining One.
  1038 | D:2      | Reached skill level 4 in Staves
  1192 | D:3      | Noticed FrankyJ's ghost (amateur MiBe)
  1203 | D:3      | Slain by FrankyJ's ghost

Vault maps used:
D:1:      enne_arrival_octagon_isle, minmay_fountain_box
D:2:      nicolae_overflow_hidden_temple, tso_metal_star
D:3:      lemuel_upstairs_altar, ecumenical_altar_1

Skill      XL: |  1  2  3 |
---------------+----------+-----
Staves         | 3 4 |  4.0
Fighting       | |  1.7
Throwing       | |  1.7
Dodging        | |  2.4

Action                   || total
-------------------------++-------
Melee: Quarterstaff      ||    79
       Bite              ||    12
 Stab: Sleeping          ||     1
Armor: Leather armour    ||    11
       Plate armour      ||    26
Dodge: Dodged            ||    30
